 Dungeon Crawl Stone Soup version 0.30-a0-830-gfe289a77b0 (webtiles) character file.

Game seed: 167845670770932898

18304 Nacht the Destroyer (level 12, -1/74 HPs)
             Began as a Demonspawn Earth Elementalist on Feb 28, 2023.
             Was a Follower of Vehumet.
             Slain by a naga
             ... wielding a +0 hand axe
              (2 damage)
             ... on level 2 of the Lair of Beasts.
             The game lasted 00:15:58 (13998 turns).

Nacht the Destroyer (DsEE)                         Turns: 13998, Time: 00:15:58

Health: -1/74      AC: 18    Str: 11    XL:     12   Next: 26%
Magic:  0/26       EV: 11    Int: 22    God:    Vehumet [*.....]
Gold:   797        SH: 11    Dex: 14    Spells: 25/31 levels left

rFire   + + .      SeeInvis .    o - +0 dagger
rCold   + + +      Faith    .    H - +2 buckler
rNeg    . . .      Spirit   +    R - +0 robe {rC+ rF+}
rPois   .          Reflect  .    (helmet restricted)
rElec   .          Harm     .    G - scarf {rC+ rF+}
rCorr   .          Rampage  .    I - +1 pair of gloves {Str+3}
Will    ++...                    S - +2 pair of boots
Stlth   +                        m - amulet of guardian spirit
HPRegen 0.32/turn                i - ring "Raedya" {rC+ Will++}
MPRegen 0.20/turn                J - +4 ring of protection

@: silenced, invisible
A: antennae 2, molten scales 2, icemail 1, spiny 1, condensation shield
a: Renounce Religion


You were on level 2 of the Lair of Beasts.
You worshipped Vehumet.
Vehumet was aware of your devotion.
You visited 3 branches of the dungeon, and saw 14 of its levels.
You also visited: Ossuary.

You collected 797 gold pieces.

Inventory:

Hand Weapons
 o - a +0 dagger (weapon)
Missiles
 b - 7 curare-tipped darts
 l - 52 poisoned darts
Armour
 G - a scarf of resistance (worn)
 H - a +2 buckler (worn)
 I - a +1 pair of gloves of strength (worn)
 R - a +0 robe of resistance (worn)
 S - a +2 pair of boots (worn)
Jewellery
 i - the ring "Raedya" (left hand) {rC+ Will++}
   (You found it on level 2 of the Dungeon)

   [ring of protection from cold]

   rC:        It protects you from cold.
   Will:      It greatly increases your willpower.
 k - a ring of poison resistance
 m - an amulet of guardian spirit (around neck)
 u - a ring of positive energy
 v - a ring of see invisible
 x - a ring of protection from cold
 A - a ring of willpower
 J - a +4 ring of protection (right hand)
 L - a ring of flight
Wands
 n - a wand of mindburst (12)
 y - a wand of digging (4)
 E - a wand of paralysis (18)
 F - a wand of flame (39)
 K - a wand of iceblast (12) (quivered)
Scrolls
 a - a scroll of vulnerability {unknown}
 j - 2 scrolls of enchant weapon {unknown}
 p - a scroll of enchant armour
 q - 4 scrolls of teleportation {unknown}
 r - a scroll of identify
 s - 5 scrolls of silence
 w - 5 scrolls of fog {unknown}
 z - 5 scrolls of poison {unknown}
 D - 3 scrolls of immolation
 M - a scroll of amnesia
 N - a scroll of brand weapon
 O - a scroll of blinking
Potions
 c - 2 potions of brilliance
 d - 4 potions of resistance
 e - 4 potions of flight
 f - 2 potions of invisibility
 g - 8 potions of curing
 h - a potion of heal wounds
 t - 3 potions of mutation
 B - 3 potions of haste
 C - 4 potions of lignification
 Q - a potion of magic


   Skills:
 - Level 1.7 Dodging
 - Level 1.7 Stealth
 - Level 5.0 Shields
 + Level 10.2 Spellcasting
 + Level 11.6 Conjurations
 - Level 0.8 Transmutations
 + Level 11.1 Earth Magic


You had 25 spell levels left.
You knew the following spells:

 Your Spells              Type           Power      Damage    Failure   Level
a - Sandblast             Erth           100%       2d20      1%          1
b - Stone Arrow           Conj/Erth      100%       3d13      1%          3
w - Passwall              Tmut/Erth      30%        N/A       1%          2

Your spell library contained the following spells:

 Spells                   Type           Power      Damage    Failure   Level
 Freeze                   Ice            44%        1d6       8%          1
 Hailstorm                Conj/Ice       36%        3d9       1%          3
 Mephitic Cloud           Conj/Pois/Air  28%        N/A       4%          3
 Petrify                  Tmut/Erth      37%        N/A       6%          4
 Necrotise                Necr           44%        1d6       8%          1
 Leda's Liquefaction      Hex/Erth       17%        N/A       8%          4
 Cigotuvi's Dreadful Rot  Necr/Pois/Air  22%        N/A       12%         2
 Poisonous Vapours        Pois/Air       22%        N/A       12%         2
 Arcjolt                  Conj/Air       18%        1d28      19%         5
 Call Canine Familiar     Summ           11%        N/A       22%         3
 Gell's Gravitas          Tloc           11%        N/A       22%         3
 Portal Projectile        Hex/Tloc       22%        N/A       22%         3
 Teleport Other           Tloc           11%        N/A       22%         3
 Tukima's Dance           Hex            11%        N/A       22%         3
 Vampiric Draining        Necr           11%        2d6       22%         3
 Vhi's Electric Charge    Tloc/Air       22%        N/A       22%         3
 Ice Form                 Ice/Tmut       13%        N/A       54%         4
 Dispel Undead            Necr           11%        3d9       58%         4
 Summon Lightning Spire   Summ/Air       11%        N/A       58%         4
 Blade Hands              Tmut           7%         N/A       82%         5
 Agony                    Necr           11%        N/A       91%         5
 Death Channel            Necr           5%         N/A       100%        6
 Dispersal                Tloc           5%         N/A       100%        6
 Simulacrum               Ice/Necr       5%         N/A       100%        6
 Malign Gateway           Summ/Tloc      5%         N/A       100%        7
 Storm Form               Tmut/Air       6%         N/A       100%        7
 Maxwell's Capacitive Co  Air            5%         ∞         100%        8
 Summon Horrible Things   Summ           5%         N/A       100%        8


Dungeon Overview and Level Annotations

Branches:
Dungeon (11/15)            Temple (1/1) D:7            Lair (2/5) D:8
Ossuary (visited)
  Swamp: Lair:2-3    Shoals: Lair:2-3     Snake: Lair:2-3    Spider: Lair:2-3
    Orc: D:9-12

Altars:
Ashenzari
Cheibriados
Dithmenos
Fedhas
Gozag
Hepliaklqana
Kikubaaqudgha
Makhleb
Nemelex Xobeh
Okawaru
Qazlal
Ru
Sif Muna
Trog
Uskayaw
Vehumet
Wu Jian
Xom
Yredelemnul

Shops:
D:1 ?   D:7 (   D:11 ((=((

Annotations:
D:6 1 runed translucent door, Crazy Yiuf
D:10 1 runed translucent door, jejorda2's ghost, journeyman MfBe
Lair:2 1 transporter, Wobber's ghost, journeyman HOCA


Innate Abilities, Weirdness & Mutations

You have a pair of antennae on your head.
You are mostly covered in molten scales. (AC +3)
A meltable icy envelope protects you from harm. (AC +4)
You are partially covered in sharp spines.
A meltable shield of frost defends you. (SH +4)


Message History

You feel sick. You block the yak's attack. x2
The yak is struck by your spines. The yak gores you but does no damage.
You block the bullfrog's attack. The naga barely misses you.
You see here a wolf corpse.
You fade into invisibility!
You feel sick. You block the bullfrog's attack. You block the yak's attack.
The yak closely misses you. The yak is struck by your spines.
The yak gores you but does no damage. The naga hits you with a +0 war axe.
The bullfrog is struck by your spines.
The bullfrog hits you but does no damage.
The naga hits you with a +0 battleaxe!!
* * * LOW HITPOINT WARNING * * *
You feel much better.
You feel sick. The yak gores you. The yak gores you but does no damage.
The yak closely misses you. You block the bullfrog's attack.
The naga is struck by your spines. The naga barely misses you.
The naga is struck by your spines. The naga hits you with a +0 battleaxe!
* * * LOW HITPOINT WARNING * * *
You feel much better.
You feel sick. You block the bullfrog's attack. The yak barely misses you.
The yak is struck by your spines. The yak gores you!
The yak is struck by your spines. The yak barely misses you.
You block the naga's attack. The bullfrog is struck by your spines.
You kill the bullfrog!
Vehumet accepts your kill. The naga hits you but does no damage.
You feel sick. The yak barely misses you. You block the naga's attack.
The naga closely misses you.
You hit the yak but do no damage.
You feel sick.
You are no longer poisoned.
The yak closely misses you. The naga hits you with a +0 war axe!
The naga misses you.
You barely miss the yak. You block the naga's attack.
The yak is struck by your spines. The yak completely misses you.
You block the yak's attack. The naga is struck by your spines.
The naga hits you with a +0 war axe!
* * * LOW HITPOINT WARNING * * *
The naga hits you with a +0 battleaxe!
* * * LOW HITPOINT WARNING * * *
The naga hits you with a +0 hand axe.
You die...

... ....... .....Y..
.#.PP#Y.####
......#{##.##
........#..l## .
P..........lY## .⌠.
+.........#YYN#.....
....#.....#.h###@N....⌠..
......#..PPh## ##N..#...#
..........l{# ##.## ##
.........>.{#########
...........<.........
.....................
..........†..........
.....................
.#..#.+#.P##....##.#


You could see a komodo dragon (unable to see you), 3 yaks, a basilisk (unable to
see you) and 3 nagas.

Vanquished Creatures
  A boulder beetle (D:11)
  2 two-headed ogres
  A tengu warrior (D:10)
  7 cane toads
  A torpor snail (D:8)
  A kobold demonologist (D:8)
  An unseen horror (D:10)
  A tengu conjurer (D:10)
  5 trolls
  Grinder (D:4)
  5 blink frogs (Lair:2)
  Sigmund (D:4)
  A shadow (D:9)
  26 yaks
  2 wraiths
  Eustachio (D:6)
  3 steam dragons
  Menkaure (D:6)
  An acid dragon (D:11)
  3 water moccasins
  3 orc warriors
  3 ice beasts
  2 sky beasts (D:8)
  4 black bears
  2 ogres
  4 wolves (Lair:2)
  4 phantoms
  2 centaurs
  5 bullfrogs
  16 kobold brigands
  A gnoll sergeant (D:11)
  A necrophage (D:6)
  A scorpion (D:4)
  6 wights
  A troll zombie (Ossuary)
  4 killer bees (D:8)
  An electric eel (D:10)
  5 howler monkeys
  2 hounds (D:5)
  A jelly (D:4)
  5 orc priests
  A gnoll bouda (D:6)
  Ijyb (D:3)
  4 iguanas
  10 orc wizards
  4 ogre zombies (Ossuary)
  7 mummies (Ossuary)
  8 gnolls
  9 adders
  A shadow imp (D:6)
  3 white imps
  3 adder zombies (Ossuary)
  2 worms
  3 dart slugs
  28 orcs
  6 bats
  7 endoplasms
  7 giant cockroaches
  3 gnoll zombies (Ossuary)
  10 goblins
  8 hobgoblins
  2 jackals (D:1)
  2 quokkas (D:1)
  7 ball pythons
  A frilled lizard (D:2)
  3 goblin zombies (Ossuary)
  7 hobgoblin zombies (Ossuary)
  17 kobolds
  6 kobold zombies (Ossuary)
  2 quokka zombies (Ossuary)
  2 rats
  A rat zombie (Ossuary)
  A spectral orc (D:9)
314 creatures vanquished.

Vanquished Creatures (others)
  5 fungi (Lair:2)
  A plant (D:10)
6 creatures vanquished.

Grand Total: 320 creatures vanquished

Notes
Turn   | Place    | Note
-------+----------+-------------------------------------------
     0 | D:1      | Nacht the Demonspawn Earth Elementalist began the quest for
                  | the Orb.
     0 | D:1      | Reached XP level 1. HP: 13/13 MP: 3/3
   277 | D:1      | Gained mutation: You are partially covered in molten
                  | scales. (AC +2) [demonic ancestry]
   277 | D:1      | Reached XP level 2. HP: 19/19 MP: 0/5
   746 | D:1      | Found Ylossi Wiss's Magic Scroll Shop.
   804 | D:1      | Reached XP level 3. HP: 24/24 MP: 4/6
  1512 | D:2      | Identified the ring "Raedya" {rC+ Will++}
  2060 | D:2      | Gained mutation: You have a pair of small antennae on your
                  | head. [demonic ancestry]
  2060 | D:2      | Reached XP level 4. HP: 30/30 MP: 4/7
  2579 | D:2      | Learned a level 2 spell: Passwall
  2583 | D:2      | Learned a level 3 spell: Stone Arrow
  2649 | D:3      | Noticed Ijyb
  2660 | D:3      | Killed Ijyb
  2665 | D:3      | Reached skill level 1 in Conjurations
  2819 | D:3      | Gained mutation: You have a pair of antennae on your head.
                  | [demonic ancestry]
  2819 | D:3      | Reached XP level 5. HP: 35/35 MP: 5/8
  3105 | D:3      | Found a shimmering altar of Xom.
  3437 | D:4      | Reached skill level 5 in Earth Magic
  3593 | D:4      | Found a bloodstained altar of Trog.
  3692 | D:4      | Noticed Sigmund
  3697 | D:4      | Killed Sigmund
  3698 | D:4      | Gained mutation: You are partially covered in sharp spines.
                  | [demonic ancestry]
  3698 | D:4      | Reached XP level 6. HP: 38/41 MP: 2/10
  3885 | D:4      | Noticed Grinder
  3890 | D:4      | Killed Grinder
  3891 | D:4      | Gained mutation: A meltable shield of frost defends you.
                  | (SH +4) [demonic ancestry]
  3891 | D:4      | Reached XP level 7. HP: 34/46 MP: 4/12
  4443 | D:5      | Entered Level 5 of the Dungeon
  4527 | D:5      | Reached skill level 5 in Conjurations
  4682 | D:5      | Reached XP level 8. HP: 30/52 MP: 2/14
  5021 | D:5      | Found an ornate altar of the Wu Jian Council.
  5489 | D:6      | Reached skill level 5 in Spellcasting
  5502 | D:6      | Noticed Menkaure
  5507 | D:6      | Killed Menkaure
  5515 | D:6      | Found a sand-covered staircase.
  5523 | Ossuary  | Entered an ossuary
  6413 | D:6      | Reached XP level 9. HP: 55/57 MP: 4/17
  6630 | D:6      | Found a runed translucent door.
  6631 | D:6      | Noticed Crazy Yiuf
  6704 | D:6      | Noticed Eustachio
  6712 | D:6      | Killed Eustachio
  7640 | D:7      | Reached skill level 1 in Shields
  7693 | D:7      | Found a staircase to the Ecumenical Temple.
  7706 | Temple   | Entered the Ecumenical Temple
  7991 | D:7      | Noticed a troll
  8014 | D:7      | Killed a troll
  8015 | D:7      | Reached XP level 10. HP: 49/63 MP: 2/20
  8400 | D:7      | Found Ruros's Weapon Boutique.
  8767 | D:8      | Noticed a two-headed ogre
  8771 | D:8      | Killed a two-headed ogre
  9177 | D:8      | Noticed a soul eater
  9538 | D:8      | Found a staircase to the Lair.
  9784 | D:9      | Gained mutation: You are mostly covered in molten scales.
                  | (AC +3) [demonic ancestry]
  9784 | D:9      | Reached XP level 11. HP: 66/68 MP: 16/23
  9958 | D:9      | Found the +7 staff of the Meek {protect, meekguard}
  9983 | D:9      | Found a snail-covered altar of Cheibriados.
 10389 | D:9      | Found a basalt altar of Yredelemnul.
 10473 | D:10     | Entered Level 10 of the Dungeon
 10661 | D:10     | Noticed jejorda2's ghost (journeyman MfBe)
 10675 | D:10     | Reached skill level 10 in Conjurations
 10726 | D:10     | Found a runed translucent door.
 10750 | D:10     | Reached skill level 5 in Shields
 10988 | D:10     | Found a stormy altar of Qazlal.
 11095 | D:10     | Found a radiant altar of Vehumet.
 11107 | D:10     | Noticed a tengu warrior
 11112 | D:10     | Became a worshipper of Vehumet
 11125 | D:10     | Killed a tengu warrior
 11307 | D:10     | Noticed a two-headed ogre
 11313 | D:10     | Killed a two-headed ogre
 11314 | D:10     | Reached skill level 10 in Earth Magic
 11843 | D:11     | Found Osoi's Jewellery Boutique.
 11907 | D:11     | Found Xailul's Weapon Shoppe.
 12250 | D:11     | Found Canliusm's Weapon Boutique.
 12511 | D:11     | Noticed a boulder beetle
 12512 | D:11     | Found Pydwit's Antique Weapon Shoppe.
 12523 | D:11     | Killed a boulder beetle
 12815 | D:11     | Found Plog's Weapon Emporium.
 13098 | Lair:1   | Entered Level 1 of the Lair of Beasts
 13130 | D:8      | Reached * piety under Vehumet
 13130 | D:8      | Offered knowledge of Freeze by Vehumet.
 13278 | D:8      | Gained mutation: A meltable icy envelope protects you from
                  | harm. (AC +4) [demonic ancestry]
 13278 | D:8      | Reached XP level 12. HP: 43/74 MP: 1/25
 13648 | Lair:1   | Reached skill level 10 in Spellcasting
 13830 | Lair:1   | You fall into a shaft and drop 1 floor!
 13891 | Lair:2   | Noticed Wobber's ghost (journeyman HOCA)
 13893 | Lair:2   | Found a transporter.
 13902 | Lair:2   | Noticed a death yak
 13998 | Lair:2   | HP: 1/74 [naga/+0 battleaxe (13)]
 13998 | Lair:2   | Slain by a naga

Illustrated notes

Levels and vault maps discovered:
D:1:      saegor_arrival_simple_a, layout_basic, serial_shops, shop_scrolls,
          minmay_tiny_reverse_x
D:2:      layout_basic, serial_curves, eino_curves_04, eino_curves_04
D:3:      layout_basic, zin_statuary, old_standard_altar, uniq_ijyb
D:4:      layout_gridville, lightli_temple_of_fire, uniq_grinder, uniq_sigmund
D:5:      layout_cave_pools, nicolae_wu_jian_glorious_leap,
          kennysheep_generic_room_11
D:6:      layout_cave_pods, chequers_ossuary_entry_cave, grunt_ministairs_7,
          minivault_19, uniq_crazy_yiuf_cottage, uniq_menkaure, uniq_eustachio
D:7:      minmay_skewed_foursquare, layout_cave_pools, temple_fountains,
          serial_shops, shop
D:8:      layout_basic, lair_entry_dummy, special_room [special_room_kobold]
D:9:      minmay_weird_star, layout_rooms, yredelemnul_forgotten_temple_becter,
          slow_altar_2
D:10:     layout_basic, mainiacjoe_overflow_alcove_2,
          mainiacjoe_overflow_alcove_1, hellmonk_ghost_big_iron
D:11:     layout_roguey, serial_shops, nicolae_shop_crystal, shop, shop,
          nicolae_shop_bloodbath_and_beyond, nicolae_inconvenience_store,
          grunt_decor_junction, nicolae_tso_swordbearing_angel
Temple:   minmay_temple_curvy_branch
Lair:1:   layout_misc_corridors, patterned_corridor, grunt_megastairs_2
Lair:2:   layout_regular_city, nicolae_swamp_entry_splash_gauntlet,
          nicolae_snake_entry_squirm, nzn_ghost_randoct

Skill      XL: |  1  2  3  4  5  6  7  8  9 10 11 12 |
---------------+-------------------------------------+-----
Earth Magic    | 3 4 5 6 7 8 9 10 11 | 11.1
Conjurations   | 1 3 4 5 7 8 9 11 | 11.6
Spellcasting   | 3 4 5 7 8 9 10 | 10.2
Shields        | 1 4 5 |  5.0
Dodging        | |  1.7
Stealth        | |  1.7
Transmutations | |  0.8

Action                     |  1- 3 |  4- 6 |  7- 9 | 10-12 || total
---------------------------+-------+-------+-------+-------++-------
  Melee: Unarmed           |     9 |       |       |       ||     9
         Dagger            |       |    12 |     4 |    24 ||    40
  Throw: Dart              |       |       |       |     6 ||     6
   Cast: Sandblast         |    71 |    63 |   187 |   216 ||   537
         Stone Arrow       |       |       |    18 |    67 ||    85
  Evoke: Wand              |       |       |       |     4 ||     4
    Use: Potion            |       |     1 |     1 |     5 ||     7
         Scroll            |       |       |     8 |     9 ||    17
 Armour: Robe              |    11 |    26 |    60 |   121 ||   218
  Dodge: Dodged            |    24 |    33 |    80 |   134 ||   271
  Block: Other             |       |       |    20 |       ||    20
         Buckler           |       |       |     6 |   174 ||   180

Table legend: (Time is in decaauts)
 A = Elapsed time spent in this place.
 B = Non-inter-level travel time spent in this place.
 C = Inter-level travel time spent in this place.
 D = Time resting spent in this place.
 E = Time spent auto-exploring this place.
 F = Levels seen in this place.
 G = Mean time per level.
                   A        B        C        D        E       F      G
               +--------+--------+--------+--------+--------+-----+--------+
         Total |  14297 |  13602 |    695 |      0 |  11314 |  15 |  953.1 |
       Dungeon |  12724 |  12031 |    693 |      0 |  10135 |  11 | 1156.7 |
        Temple |    257 |    256 |      1 |      0 |    249 |   1 |  257.0 |
          Lair |    431 |    431 |      0 |      0 |    262 |   2 |  215.5 |
       Ossuary |    884 |    884 |      0 |      0 |    668 |   1 |  884.0 |
               +--------+--------+--------+--------+--------+-----+--------+

Top non-repeatable levels by time:
     D:8: 1961 daAuts
     D:1: 1400 daAuts
    D:11: 1365 daAuts
     D:2: 1288 daAuts
     D:6: 1196 daAuts
     D:7: 1149 daAuts
     D:4: 1137 daAuts
    D:10: 1040 daAuts
 Ossuary: 884 daAuts
     D:5: 789 daAuts
     D:9: 709 daAuts
     D:3: 686 daAuts
  Lair:1: 259 daAuts
  Temple: 257 daAuts
  Lair:2: 172 daAuts
